 Dungeon Crawl Stone Soup version 0.26-a0-597-gb535b0901c (webtiles) character file.

Game seed: 11023961863610680241

39 hickop the Sneak (level 3, 0/22 HPs)
             Began as a Kobold Brigand on Sept 14, 2020.
             Slain by an adder (5 damage)
             ... on level 2 of the Dungeon.
             The game lasted 00:04:09 (945 turns).

hickop the Sneak (Kobold Brigand)                    Turns: 945, Time: 00:04:10

Health: 0/22       AC:  4    Str:  9    XL:     3   Next: 67%
Magic:  3/3        EV: 14    Int: 12    God:
Gold:   42         SH:  0    Dex: 16    Spells: 2/2 levels left

rFire    + . .     SeeInvis .   a - +2 dagger
rCold    . . .     Faith    .   (shield restricted)
rNeg     . . .     Spirit   .   h - +0 leather armour
rPois    .         Reflect  .   (no helmet)
rElec    .         Harm     .   c - +0 cloak
rCorr    .                      (no gloves)
MR       .....                  (no boots)
Stlth    ++++......             (no amulet)
HPRegen  0.07/turn              k - ring of protection from fire
MPRegen  0.08/turn              (no ring)

@: lethally poisoned (0 -> -10)
A: small, nightstalker 3
a: no special abilities


You were on level 2 of the Dungeon.
You visited 1 branch of the dungeon, and saw 2 of its levels.

You collected 42 gold pieces.

Inventory:

Hand Weapons
 a - a +2 dagger (weapon)
Missiles
 d - 32 poisoned darts (quivered)
 e - 2 curare-tipped darts
 f - 47 stones
 g - a throwing net
Armour
 c - a +0 cloak (worn)
 h - a +0 leather armour (worn)
Jewellery
 k - a ring of protection from fire (left hand)
Scrolls
 j - a scroll of remove curse
 n - a scroll of blinking {unknown}
 o - a scroll of fear {unknown}
 p - 4 scrolls of identify
 q - a scroll of teleportation {unknown}
Potions
 b - a potion of flight {unknown}
 i - a potion of brilliance {unknown}
 l - 2 potions of heal wounds {unknown}
 m - a potion of mutation {unknown}


   Skills:
 + Level 2.7 Fighting
 + Level 3.2 Short Blades
 + Level 2.6 Throwing
 + Level 2.0 Dodging
 + Level 5.7 Stealth


You had 2 spell levels left.
You didn't know any spells.
Your spell library was empty.

Dungeon Overview and Level Annotations

Branches:
Dungeon (2/15)

Altars:


Innate Abilities, Weirdness & Mutations

You are small and have problems with some larger weapons.
You are completely attuned to the shadows.


Message History

You are more poisoned.
The adder poisons you!
You miss the adder.
The adder is severely wounded.
You feel sick. The adder bites you.
You are lethally poisoned!
The adder poisons you!
You hit the adder but do no damage.
The adder is severely wounded.
You feel sick. The adder bites you. The adder barely misses you.
You closely miss the adder.
The adder is severely wounded.
You feel sick. The adder closely misses you.
You feel sick.
You feel sick.
* * * LOW HITPOINT WARNING * * *
You feel sick.
* * * LOW HITPOINT WARNING * * *
You feel sick. The adder bites you.
You die...

#.....#.........#...
##.....#......####...
........................
.......<................
........................
........................
........#...............
.......S#...............
.......@#...............
........##......## .....
........##..... #.....
.....†.)....... #.....
...#####....... #.....
... #......... #..... ..
#......... #..†..
..............#.....
......##....#.#.....


You could see an adder.

Vanquished Creatures
  An adder (D:2)
  A dart slug (D:1)
  A leopard gecko (D:1)
  4 bats
  3 giant cockroaches (D:1)
  4 goblins
  4 hobgoblins
  A kobold (D:2)
  A quokka (D:2)
  2 frilled lizards
  3 rats (D:2)
25 creatures vanquished.

Notes
Turn   | Place    | Note
-------+----------+-------------------------------------------
     0 | D:1      | hickop the Kobold Brigand began the quest for the Orb.
     0 | D:1      | Reached XP level 1. HP: 12/12 MP: 1/1
     4 | D:1      | Noticed an electric eel
     7 | D:1      | Noticed an electric eel
   126 | D:1      | Reached XP level 2. HP: 18/18 MP: 2/2
   624 | D:2      | Reached XP level 3. HP: 17/22 MP: 3/3
   945 | D:2      | Slain by an adder

Illustrated notes

Levels and vault maps discovered:
D:1:      arrival_aquarium_b, layout_rooms, minmay_unequal
D:2:      layout_basic, overflow_temple_1_default, solitary_fountain

Skill      XL: |  1  2  3 |
---------------+----------+-----
Short Blades   | 3 |  3.2
Dodging        | 2 |  2.0
Fighting       | |  2.7
Throwing       | |  2.6
Stealth        | |  5.7

Action                   || total
-------------------------++-------
Melee: Dagger            ||    70
  Use: Scroll            ||     2
 Stab: Sleeping          ||    15
Armor: Robe              ||     4
       Leather armour    ||    17
Dodge: Dodged            ||    45

Table legend: (Time is in decaauts)
 A = Elapsed time spent in this place.
 B = Non-inter-level travel time spent in this place.
 C = Inter-level travel time spent in this place.
 D = Time resting spent in this place.
 E = Time spent auto-exploring this place.
 F = Levels seen in this place.
 G = Mean time per level.
                   A        B        C        D        E       F      G
               +--------+--------+--------+--------+--------+-----+--------+
         Total |    934 |    910 |     24 |      0 |    683 |   2 |  467.0 |
       Dungeon |    934 |    910 |     24 |      0 |    683 |   2 |  467.0 |
               +--------+--------+--------+--------+--------+-----+--------+

Top non-repeatable levels by time:
     D:1: 524 daAuts
     D:2: 409 daAuts
